 Dungeon Crawl Stone Soup version 0.17-a0-1987-gaf5a542 (webtiles) character file.

34883 derrpe the Bewitcher (level 13, -6/96 HPs)
             Began as a Vampire Enchanter on Oct 6, 2015.
             Was an Elder of Ru.
             Hit by a large rock thrown by a stone giant (56 damage)
             ... on level 4 of the Orcish Mines on Oct 7, 2015.
             The game lasted 01:12:37 (19683 turns).

derrpe the Bewitcher (Vampire Enchanter)           Turns: 19683, Time: 01:12:37

Health: -6/96      AC:  5    Str: 10    XL:     13   Next: 44%
Magic:  5/19       EV: 20    Int: 18    God:    Ru [****..]
Gold:   858        SH:  0    Dex: 21    Spells: 4 memorised, 6 levels left

rFire  + . .     SeeInvis +     w - +7 dagger (vamp)
rCold  + + +     Clarity  +     y - +0 animal skin {rC+}
rNeg   + + .     SustAt   .     (no shield)
rPois  +         Gourm    .     (no helmet)
rElec  .         Spirit   .     J - +2 cloak {MR+}
rCorr  .         Warding  .     (no gloves)
rMut   .         Stasis   .     (no boots)
MR     ++...                    a - amulet of clarity
Stlth  ++++++....               u - ring of protection from cold
                                b - ring of the Many Beggars {rF+ Str+3 Int-3 Dex+5 Slay+5}

@: regenerating slowly, very resistant to hostile enchantments, very stealthy
A: fangs 3, see invisible, unbreathing, hated by all, inability to train armour,
no air magic, no necromancy magic, no summoning magic, missing an eye
a: Bat Form, Draw Out Power, Power Leap, Renounce Religion


You were on level 4 of the Orcish Mines.
You worshipped Ru.
Ru was greatly pleased with you.
You were very thirsty.

You visited 2 branches of the dungeon, and saw 14 of its levels.
You also visited: Ossuary and Ice Cave.

You collected 1962 gold pieces.
You spent 1104 gold pieces at shops.

Inventory:

Hand Weapons
 w - a +7 vampiric dagger (weapon)
Missiles
 F - 6 curare-tipped needles
Armour
 y - a +0 animal skin of cold resistance (worn)
 z - a +0 buckler
 J - a +2 cloak of magic resistance (worn)
Jewellery
 a - an amulet of clarity (around neck)
 b - the ring of the Many Beggars (left hand) {rF+ Str+3 Int-3 Dex+5 Slay+5}
   (You bought it in a shop on level 1 of the Orcish Mines)

   [ring of dexterity]

   It affects your strength (+3).
   It affects your intelligence (-3).
   It affects your dexterity (+5).
   It affects your accuracy and damage with ranged weapons and melee attacks
   (+5).
   It protects you from fire.
 u - a ring of protection from cold (right hand)
Wands
 k - a wand of cold (1)
 o - a wand of digging (13)
 s - a wand of polymorph (1)
 x - a wand of cold (3)
 D - a wand of disintegration (12)
 G - a wand of disintegration (7)
 L - a wand of confusion (20)
Scrolls
 c - 3 scrolls of teleportation
 e - 2 scrolls of enchant armour
 f - a scroll of remove curse
 g - 3 scrolls of identify
 l - a scroll of blinking
 t - a scroll of noise
 B - 2 scrolls of magic mapping
 K - a scroll of fog
Potions
 d - 48 potions of blood {@q1}
 h - a potion of haste
 i - 2 potions of resistance
 j - 4 potions of cancellation
 m - 8 potions of curing
 p - 3 potions of agility
 r - a potion of brilliance
 A - a potion of magic
Books
 n - a book of Ice

   Spells                             Type                      Level
   a - Ice Form                       Ice/Transmutation            4
   b - Metabolic Englaciation         Hexes/Ice                    5
   c - Ozocubu's Refrigeration        Ice                          6
   d - Bolt of Cold                   Conjuration/Ice              6
   e - Freezing Cloud                 Conjuration/Ice/Air          6
   f - Simulacrum                     Ice/Necromancy               6
 v - a book of Cantrips

   Spells                             Type                      Level
   a - Corona                         Hexes                        1
   b - Animate Skeleton               Necromancy                   1
   c - Summon Small Mammal            Summoning                    1
   d - Apportation                    Translocation                1
 C - a book of Debilitation

   Spells                             Type                      Level
   a - Corona                         Hexes                        1
   b - Slow                           Hexes                        2
   c - Gell's Gravitas                Hexes/Translocation          3
   d - Inner Flame                    Hexes/Fire                   3
   e - Cause Fear                     Hexes                        4
   f - Leda's Liquefaction            Hexes/Earth                  4
 E - a book of Party Tricks

   Spells                             Type                      Level
   a - Summon Butterflies             Summoning                    1
   b - Apportation                    Translocation                1
   c - Tukima's Dance                 Hexes                        3
   d - Alistair's Intoxication        Transmutation/Poison         4
   e - Invisibility                   Hexes                        6
 I - a book of Necromancy

   Spells                             Type                      Level
   a - Pain                           Necromancy                   1
   b - Animate Skeleton               Necromancy                   1
   c - Vampiric Draining              Necromancy                   3
   d - Regeneration                   Charms/Necromancy            3
   e - Animate Dead                   Necromancy                   4
   f - Control Undead                 Necromancy                   4


   Skills:
 + Level 7.0 Fighting
 + Level 10.5 Short Blades
 + Level 9.1 Dodging
 + Level 10.7 Stealth
 - Level 6.3 Shields
 - Level 4.0 Spellcasting
 - Level 3.5 Conjurations
 + Level 16.7 Hexes
 - Level 4.2 Ice Magic
   Level 4.2 Poison Magic


You had 6 spell levels left.
You knew the following spells:

 Your Spells              Type           Power        Failure   Level  Hunger
a - Invisibility          Hex            ######..     2%          6    #######
b - Ensorcelled Hibernat  Hex/Ice        #####.       1%          2    ##.....
c - Confuse               Hex            ######..     1%          3    ###....
d - Dazzling Spray        Conj/Hex       #####...     1%          3    ###....


Dungeon Overview and Level Annotations

Branches:
Dungeon (10/15)            Temple (0/1) D:5             Orc (4/4) D:10
    Elf (0/3) Orc:3
   Lair: D:8-11

Altars:
Elyvilon
Fedhas
Ru
Sif Muna
Trog
Yredelemnul
Zin
Beogh

Shops:
D:6 *:(   Orc:1 =(}(   Orc:2 =   Orc:3 *   Orc:4 (


Innate Abilities, Weirdness & Mutations

You heal slowly.
You have razor-sharp teeth.
You have supernaturally acute eyesight.
You can survive without breathing.
You are hated by all.
You cannot train Armour skill.
You cannot study or cast Air magic.
You cannot study or cast Necromancy magic.
You cannot study or cast Summoning magic.
You are missing an eye, making it more difficult to aim.


Message History

Casting: Ensorcelled Hibernation
Confirm with . or Enter, or press ? or * to list all spells.
Aiming: Ensorcelled Hibernation
Press: ? - help, Shift-Dir - straight line, f/p - orc warrior
Aim: an orc warrior, wielding a scimitar and wearing a plate armour (severely wounded, chance to defeat MR: 67%)
The orc warrior looks drowsy...
The helpless orc warrior fails to defend itself.
You bite the orc warrior, and draw its blood!
You feel slightly less thirsty.
You spit the orc warrior like a pig!!!!
You kill the orc warrior!
You start resting.
A stone giant comes into view.
The stone giant shouts!
The orc high priest shouts!
The stone giant misses you.
You see here a scimitar.
The stone giant throws a large rock.
The large rock hits you!!!
You see here a large rock.
The stone giant throws a large rock.
The large rock hits you!!!
Ouch! That really hurt!
You die...

########.###########.......
######.###### .......
#.......)...### .......
...####.####...## .......
#.######..## #.#...###..#
#.#.....##.# #.#......#.#
... #..@.# .. ##()## #))#
......C..# .o...##..# ...#
..## .# .∩## ##


You could see a stone giant.

Vanquished Creatures
  Gastronok (Orc:2)
  A frost giant (IceCv)
  An ettin (Orc:3)
  Snorg (Orc:1)
  Josephine (Orc:3)
  Harold (Orc:2)
  A centaur warrior (D:9)
  Erica (Orc:1)
  Erolcha (Orc:2)
  2 orc high priests
  Sonja (Orc:2)
  Pikel (D:8)
  5 orc sorcerers
  5 orc knights
  2 hill giants (D:10)
  A cyclops (Orc:4)
  Maurice (D:8)
  A centaur skeleton (D:10)
  18 polar bears (IceCv)
  A two-headed ogre (D:9)
  Grinder (D:4)
  Prince Ribbit (D:7)
  A troll (Orc:4)
  16 yaks (IceCv)
  Sigmund (D:3)
  A hippogriff (D:10)
  Eustachio (D:5)
  5 wraiths
  Grum (D:8)
  Menkaure (D:7)
  3 wargs
  18 wolves
  A water moccasin (D:6)
  Duvessa (D:4)
  31 orc warriors
  A necrophage (D:10)
  6 sky beasts
  3 ice beasts
  2 phantoms
  6 centaurs
  A crocodile (D:10)
  8 ogres
  5 giant frogs
  2 big kobolds
  A scorpion (D:4)
  Dowan (D:4)
  2 wights (Ossuary)
  6 killer bees (D:10)
  3 electric eels (D:10)
  3 crimson imps
  A hound (D:6)
  A giant frog skeleton (D:9)
  2 centaur zombies (Ossuary)
  23 orc priests
  A wasp zombie (D:8)
  A giant frog zombie (D:9)
  4 jellies
  28 orc wizards
  Crazy Yiuf (D:3)
  5 iguanas
  12 worker ants
  A mummy (D:4)
  4 river rats (D:4)
  17 adders
  7 gnolls
  3 shadow imps
  5 oozes (D:8)
  4 adder zombies
  2 worms (D:4)
  An adder skeleton (D:4)
  3 giant geckos
  167 orcs
  A ball python (D:2)
  8 hobgoblins
  18 kobolds
  9 bats
  6 giant cockroaches
  4 giant newts
  7 goblins
  A hobgoblin skeleton (Ossuary)
  A hobgoblin zombie (Ossuary)
  17 jackals
  A jackal skeleton (D:4)
  An orc skeleton (Ossuary)
  An orc zombie (Ossuary)
  2 quokkas
  A quokka skeleton (D:4)
  6 rats
  A plant (D:4)
558 creatures vanquished.

Vanquished Creatures (collateral kills)
  2 orc wizards (D:6)
  2 orc priests
  2 gnolls (D:5)
  An adder zombie (D:5)
  3 orcs
10 creatures vanquished.

Vanquished Creatures (others)
  A troll (Orc:4)
  A warg (Orc:1)
  2 orc priests
  An orc wizard (Orc:4)
  3 orcs
  A jackal (D:4)
  A kobold (D:10)
  6 plants (D:4)
16 creatures vanquished.

Grand Total: 584 creatures vanquished

Notes
Turn   | Place    | Note
--------------------------------------------------------------
     0 | D:1      | derrpe the Vampire Enchanter began the quest for the Orb.
     0 | D:1      | Reached XP level 1. HP: 13/13 MP: 3/3
   376 | D:1      | Reached skill level 5 in Hexes
   390 | D:1      | Reached XP level 2. HP: 17/19 MP: 5/5
   925 | D:1      | Learned a level 2 spell: Ensorcelled Hibernation
  1067 | D:1      | Reached XP level 3. HP: 24/24 MP: 6/6
  1132 | D:1      | Reached skill level 1 in Ice Magic
  1292 | D:2      | Found a sacrificial altar of Ru.
  1306 | D:2      | Became a worshipper of Ru the Awakened
  1383 | D:2      | Found a glowing silver altar of Zin.
  1386 | D:2      | Found a white marble altar of Elyvilon.
  1389 | D:2      | Found a basalt altar of Yredelemnul.
  1543 | D:2      | Reached skill level 6 in Hexes
  1551 | D:2      | Learned a level 3 spell: Confuse
  1573 | D:2      | Reached XP level 4. HP: 30/30 MP: 7/7
  2563 | D:3      | Noticed Crazy Yiuf
  2574 | D:3      | Killed Crazy Yiuf
  2574 | D:3      | Reached skill level 5 in Stealth
  2720 | D:3      | Gained mutation: You cannot train Armour skill. [Ru sacrifice]
  2720 | D:3      | Acquired Ru's first power
  2755 | D:3      | Reached XP level 5. HP: 32/35 MP: 1/8
  3029 | D:3      | Noticed Sigmund
  3067 | D:3      | Killed Sigmund
  3067 | D:3      | Reached skill level 7 in Hexes
  3067 | D:3      | Reached XP level 6. HP: 39/41 MP: 4/9
  3476 | D:4      | Reached skill level 8 in Hexes
  3750 | D:4      | Found a sand-covered staircase.
  3758 | Ossuary  | Entered an ossuary
  4009 | Ossuary  | Reached XP level 7. HP: 38/46 MP: 7/11
  4033 | Ossuary  | Noticed a flying skull
  4033 | Ossuary  | Noticed a wraith
  4041 | Ossuary  | Learned a level 3 spell: Tukima's Dance
  4045 | Ossuary  | Learned a level 3 spell: Dazzling Spray
  4047 | Ossuary  | Noticed a flying skull
  4052 | Ossuary  | Noticed a wraith
  4059 | Ossuary  | Killed a wraith
  4090 | Ossuary  | Noticed a flying skull
  4096 | Ossuary  | Noticed a flying skull
  4210 | Ossuary  | Noticed a wraith
  4211 | Ossuary  | Killed a wraith
  4236 | Ossuary  | Reached skill level 1 in Fighting
  4236 | Ossuary  | Reached skill level 9 in Hexes
  4454 | D:4      | Found a deep blue altar of Sif Muna.
  4491 | D:4      | Noticed Dowan
  4639 | D:4      | Noticed Duvessa
  4639 | D:4      | Killed Dowan
  4844 | D:4      | Found a basalt altar of Yredelemnul.
  4849 | D:4      | Reached XP level 8. HP: 50/54 MP: 5/12
  4880 | D:4      | Killed Duvessa
  5531 | D:5      | Entered Level 5 of the Dungeon
  5533 | D:5      | Reached skill level 10 in Hexes
  5584 | D:5      | Noticed Eustachio
  5591 | D:5      | Killed Eustachio
  5605 | D:5      | Noticed Grinder
  5614 | D:5      | Paralysed by Grinder for 6 turns
  5635 | D:4      | Killed Grinder
  5743 | D:5      | Found a staircase to the Ecumenical Temple.
  5951 | D:5      | Gained mutation: You are missing an eye, making it more difficult to aim. [Ru sacrifice]
  5951 | D:5      | Acquired Ru's second power
  6035 | D:5      | Reached skill level 11 in Hexes
  6035 | D:5      | Reached XP level 9. HP: 62/62 MP: 8/13
  6735 | D:6      | Found Loalicsedd's Antique Weapon Shoppe.
  6743 | D:6      | Reached skill level 5 in Dodging
  6755 | D:6      | Found Soill's Book Boutique.
  6906 | D:6      | Found a bloodstained altar of Trog.
  6953 | D:6      | Found Jothadye's General Store.
  6999 | D:6      | Bought a scroll of magic mapping for 38 gold pieces
  7840 | D:7      | Reached skill level 12 in Hexes
  7865 | D:7      | Noticed Menkaure
  7873 | D:7      | Killed Menkaure
  8295 | D:7      | Noticed Prince Ribbit
  8406 | D:7      | Killed Prince Ribbit
  8406 | D:7      | Reached skill level 5 in Short Blades
  8696 | D:8      | Noticed Grum
  8699 | D:8      | Killed Grum
  8699 | D:8      | Reached skill level 10 in Stealth
  8705 | D:8      | Reached XP level 10. HP: 71/71 MP: 5/14
  8805 | D:8      | Noticed Maurice
  8816 | D:8      | Killed Maurice
  8816 | D:8      | Reached skill level 13 in Hexes
  9055 | D:8      | Found a blossoming altar of Fedhas.
  9073 | D:8      | Learned a level 3 spell: Mephitic Cloud
  9406 | D:8      | Noticed Pikel
  9410 | D:8      | Killed Pikel
  9410 | D:8      | Reached skill level 1 in Conjurations
  9410 | D:8      | Reached skill level 1 in Air Magic
  9410 | D:8      | Reached skill level 1 in Poison Magic
 10746 | D:9      | Noticed a centaur warrior
 10749 | D:9      | Killed a centaur warrior
 11136 | D:10     | Entered Level 10 of the Dungeon
 11419 | D:10     | Reached XP level 11. HP: 70/77 MP: 9/16
 11433 | D:10     | Gained mutation: You are hated by all. [Ru sacrifice]
 11433 | D:10     | Acquired Ru's third power
 11489 | D:10     | Noticed a flail
 11490 | D:10     | Noticed a flail
 11497 | D:10     | HP: 1/77 [flail[the player character] (12)]
 11525 | D:10     | Noticed a hill giant
 12027 | D:10     | Killed a hill giant
 12528 | D:10     | Learned a level 6 spell: Invisibility
 12620 | D:10     | Noticed a hill giant
 12764 | D:10     | Killed a hill giant
 13217 | D:10     | Found a staircase to the Orcish Mines.
 13451 | Orc:1    | Entered Level 1 of the Orcish Mines
 13451 | Orc:1    | Found Kereq's Weapon Shop.
 13451 | Orc:1    | Found a roughly hewn altar of Beogh.
 13451 | Orc:1    | Noticed Erica
 13454 | Orc:1    | Killed Erica
 13481 | Orc:1    | Found a frozen archway.
 13490 | IceCv    | Entered an ice cave
 13668 | IceCv    | Reached skill level 5 in Fighting
 13914 | IceCv    | Reached skill level 14 in Hexes
 14411 | IceCv    | Noticed an ice statue
 15040 | IceCv    | Reached XP level 12. HP: 87/87 MP: 18/18
 15066 | IceCv    | Reached skill level 15 in Hexes
 15225 | IceCv    | Noticed a frost giant
 15380 | IceCv    | Killed a frost giant
 15393 | IceCv    | Got a brightly glowing short sword
 15427 | IceCv    | Got a pitted triple sword
 15429 | IceCv    | Identified the +4 triple sword of Enlaimyg {pain, +Blink +Inv Dex+2 Stlth-} (You found it in an ice cave)
 15448 | Orc:1    | Found Wona's Jewellery Emporium.
 15668 | Orc:1    | Noticed Snorg
 15691 | Orc:1    | Killed Snorg
 15702 | Orc:1    | Found Xifiunek's Gadget Boutique.
 15941 | Orc:1    | Found Reimp's Antique Weapon Shop.
 16061 | Orc:2    | Found Leifi's Jewellery Emporium.
 16061 | Orc:2    | Noticed Erolcha
 16061 | Orc:2    | Noticed Harold
 16066 | Orc:2    | Killed Erolcha
 16077 | Orc:2    | Killed Harold
 16270 | Orc:2    | Noticed Gastronok
 16285 | Orc:2    | Killed Gastronok
 16285 | Orc:2    | Reached skill level 16 in Hexes
 16337 | Orc:3    | Found a staircase to the Elven Halls.
 16457 | Orc:3    | Reached skill level 10 in Short Blades
 16514 | Orc:3    | Noticed an ettin
 16523 | Orc:3    | Killed an ettin
 16865 | Orc:3    | Found Suilaerr's Superlative Supplies.
 17263 | Orc:3    | Noticed Josephine
 17269 | Orc:3    | Killed Josephine
 17272 | Orc:3    | Reached XP level 13. HP: 95/95 MP: 5/19
 17553 | Orc:2    | Reached skill level 1 in Shields
 17762 | Orc:1    | Bought the ring of the Many Beggars {rF+ Str+3 Int-3 Dex+5 Slay+5} for 1066 gold pieces
 17898 | Orc:1    | Gained mutation: You cannot study or cast Air magic. [Ru sacrifice]
 17898 | Orc:1    | Gained mutation: You cannot study or cast Necromancy magic. [Ru sacrifice]
 17898 | Orc:1    | Gained mutation: You cannot study or cast Summoning magic. [Ru sacrifice]
 17898 | Orc:1    | Acquired Ru's fourth power
 17970 | Orc:2    | Noticed Sonja
 17982 | Orc:2    | Killed Sonja
 18140 | Orc:4    | Entered Level 4 of the Orcish Mines
 19101 | Orc:4    | Reached skill level 5 in Shields
 19329 | Orc:4    | Found a roughly hewn altar of Beogh.
 19643 | Orc:4    | Found Ireesuiru's Weapon Emporium.
 19681 | Orc:4    | Noticed a stone giant
 19683 | Orc:4    | Hit by a large rock thrown by a stone giant

Vault maps used:
D:1:      dpeg_arrival_signposts
D:2:      grunt_temple_overflow_diamond, overflow_temple_1_default
D:3:      uniq_sigmund, uniq_crazy_yiuf_cottage
D:4:      wad_woods_stonehenge, lemuel_blue_sif_altar,
          gup_ossuary_entry_pyramid, first_bread, hangedman_decor_peaks_small,
          uniq_duvessa
D:5:      minmay_temple_entry_glass, uniq_grinder, uniq_eustachio
D:6:      old_standard_altar, serial_shops, shop, shop, nicolae_shop_stone
D:7:      uniq_prince_ribbit1, uniq_menkaure
D:8:      old_standard_altar, hangedman_little_slice_of_home, uniq_pikel,
          uniq_maurice, uniq_grum
D:9:      hangedman_decor_lopped
D:10:     erik_orc_2, kennysheep_generic_room_10
Orc:1:    portal_ice_cave_entry_pillars_02, serial_shops, nicolae_shop_crystal,
          shop, shop_statue, nicolae_shop_overgrown_old_shop, basic_altar,
          uniq_erica, uniq_snorg
Orc:2:    serial_shops, shop, uniq_erolcha, uniq_sonja, uniq_gastronok,
          uniq_harold
Orc:3:    nicolae_orc_pool_cavern, nicolae_alphabet_shops, uniq_josephine
Orc:4:    st_orc_elflike, basic_altar
Ossuary:  ossuary_due_cavern
IceCv:    ice_cave_caverns_01

Action                   |  1- 3 |  4- 6 |  7- 9 | 10-12 | 13-15 || total
-------------------------+-------+-------+-------+-------+-------++-------
Melee: Dagger            |   121 |   161 |   313 |   737 |   227 ||  1559
 Cast: Corona            |     4 |       |       |       |       ||     4
       Ensorcelled Hiber |       |    11 |    62 |    99 |    35 ||   207
       Confuse           |       |     7 |    13 |    11 |     3 ||    34
       Tukima's Dance    |       |       |    10 |     3 |       ||    13
       Dazzling Spray    |       |       |    10 |    52 |    15 ||    77
       Mephitic Cloud    |       |       |       |    54 |    12 ||    66
       Invisibility      |       |       |       |     1 |     1 ||     2
Invok: Sacrifice Durabil |       |     1 |       |       |       ||     1
       Sacrifice an Eye  |       |       |     1 |       |       ||     1
       Reject Sacrifices |       |       |       |     1 |       ||     1
       Draw Out Power    |       |       |       |     1 |       ||     1
       Sacrifice Love    |       |       |       |     1 |       ||     1
       Sacrifice Arcana  |       |       |       |       |     1 ||     1
Evoke: Wand              |       |       |       |     4 |       ||     4
  Use: Potion            |     3 |    14 |     5 |    20 |     2 ||    44
       Scroll            |       |     8 |     4 |    19 |       ||    31
 Stab: Sleeping          |    13 |    15 |    58 |    76 |    23 ||   185
       Distracted        |     2 |       |     1 |     2 |     2 ||     7
       Confused          |       |     7 |     8 |    68 |    15 ||    98
       Invisible         |       |     2 |     5 |    22 |     7 ||    36
       Paralysed         |       |       |       |     1 |       ||     1
